WCHLSIM.com - West Coast Hockey League
html PUBLIC "-//W3C//DTD XHTML 1.0 Transitional//EN" "http://www.w3.org/TR/xhtml1/DTD/xhtml1-transitional.dtd"> WCHL - Game 85 - EDMONTON ICE vs ANCHORAGE ACES

EDMONTON ICE vs ANCHORAGE ACES

Created - 15 octobre 2019 at 18:41

Goals
1 2 3 T
EDMONTON ICE 2 1 3 6
ANCHORAGE ACES 1 1 1 3
Shots
1 2 3 T
EDMONTON ICE 11 10 14 35
ANCHORAGE ACES 7 13 10 30

1st period

1. EDMONTON ICE , Jaden Schwartz 5 (Patric Hornqvist 3, Jeff Petry 4) at 4:44
2. ANCHORAGE ACES , Leon Draisaitl 4 (Connor McDavid 2, Niklas Hjalmarsson 1) at 5:05
3. EDMONTON ICE , Patric Hornqvist 3 (Jaden Schwartz 4) at 6:43

Penalties :
Cal Clutterbuck (ANC) for Hooking (Minor) at 0:49, Jacob Trouba (ANC) for Tripping (Minor) at 6:46, Deryk Engelland (ANC) for Goalie Interference (Minor) at 17:30

2nd period

4. EDMONTON ICE , Jeff Petry 2 (Jaden Schwartz 5, Patric Hornqvist 4) at 6:21
5. ANCHORAGE ACES , Nathan MacKinnon 2 (Ryan Suter 3) at 18:41 (SH)

Penalties :
Oscar Lindberg (EDM) for Hooking (Minor) at 6:22, Deryk Engelland (ANC) for Tripping (Minor) at 17:23

3rd period

6. ANCHORAGE ACES , Tom Kuhnhackl 1 (Jacob Trouba 3, Ryan Suter 4) at 5:03
7. EDMONTON ICE , Kasperi Kapanen 2 (Patric Hornqvist 5) at 7:26 (PP)
8. EDMONTON ICE , Valtteri Filppula 2 (Jaden Schwartz 6) at 15:01
9. EDMONTON ICE , Patric Hornqvist 4 (Jaden Schwartz 7) at 18:59

Penalties :
Markus Nutivaara (EDM) for Roughing (Minor) at 0:34, Deryk Engelland (ANC) for Hooking (Minor) at 6:26

Goalie Stats

Jake Allen (EDM), 27 saves from 30 shots - (0,900), W, 5-1-0, 60:00 minutes
James Reimer (ANC), 29 saves from 35 shots - (0,829), L, 0-2-0, 60:00 minutes

Players Stats for EDMONTON ICE

Player Name              G  A  P  +/- PIM S  H  SB GA TA FO     MP     PP MP  PK MP  
------------------------------------------------------------------------------------
Andrew MacDonald         0  0  0  -3  0   0  0  1  0  0  0/0    15:50   1:20   1:31 
Anthony Mantha           0  0  0   0  0   4  0  0  0  0  0/2    21:09   5:56   0:00 
Casey Nelson             0  0  0  -3  0   0  1  0  0  0  0/0    12:26   0:44   0:00 
Colton Parayko           0  0  0   3  0   0  0  3  0  0  0/0    23:23   2:16   2:27 
Conor Sheary             0  0  0  -2  0   3  0  0  0  0  0/0    11:51   0:00   0:00 
Eric Fehr                0  0  0   0  0   1  0  0  0  0  7/12    7:18   0:00   1:56 
Jaden Schwartz           1  4  5   5  0   5  1  0  0  0  1/1    20:00   5:20   0:00 
Jeff Petry               1  1  2   3  0   1  1  1  0  0  0/0    24:27   4:46   2:27 
Kasperi Kapanen          1  0  1  -1  0   3  0  0  0  0  1/1    20:09   3:00   1:56 
Loui Eriksson            0  0  0   0  0   0  0  0  0  0  0/0     5:22   0:00   0:00 
Markus Nutivaara         0  0  0   2  2   0  3  0  0  0  0/0    19:33   2:50   0:00 
Ondrej Kase              0  0  0  -2  0   3  0  0  0  0  0/2    14:29   0:36   2:02 
Oscar Klefbom            0  0  0   2  0   2  0  1  0  0  0/0    24:20   5:56   1:31 
Oscar Lindberg           0  0  0  -2  2   1  2  0  0  0  12/19  12:53   0:00   1:03 
Patric Hornqvist         2  3  5   4  0   5  1  0  0  0  0/1    17:40   3:00   0:00 
Ryan O'Reilly            0  0  0   0  0   6  0  2  0  0  18/27  21:09   5:56   0:00 
Tanner Pearson           0  0  0   0  0   0  0  0  0  0  0/0     6:21   0:00   0:59 
Valtteri Filppula        1  0  1   4  0   1  0  1  0  0  12/23  17:40   3:00   0:00 

Players Stats for ANCHORAGE ACES

Player Name              G  A  P  +/- PIM S  H  SB GA TA FO     MP     PP MP  PK MP  
------------------------------------------------------------------------------------
Andrew Cogliano          0  0  0  -1  0   0  0  0  0  0  0/2    12:07   0:00   0:00 
Ben Chiarot              0  0  0  -2  0   0  2  3  0  0  0/0    15:43   0:00   2:23 
Cal Clutterbuck          0  0  0  -1  2   0  3  0  0  0  0/0    12:16   0:00   0:10 
Chris Kreider            0  0  0  -2  0   3  1  0  0  0  0/2    22:19   1:44   4:58 
Christian Folin          0  0  0   2  0   0  0  0  0  0  0/2     4:35   0:00   0:06 
Connor McDavid           0  1  1   0  0   6  0  0  0  0  12/24  17:07   2:14   0:00 
Darnell Nurse            0  0  0  -2  0   3  1  1  0  0  0/0    15:07   1:47   0:00 
Deryk Engelland          0  0  0   0  6   0  3  3  0  0  0/0    16:51   0:00   1:57 
Jacob Trouba             0  1  1  -1  2   2  0  2  0  0  0/0    23:38   2:11   4:30 
Jakob Silfverberg        0  0  0  -3  0   1  0  1  0  0  0/1    19:35   0:00   3:58 
Joonas Donskoi           0  0  0   0  0   1  1  0  0  0  0/0    16:37   1:44   0:00 
Leon Draisaitl           1  0  1   0  0   5  0  0  0  0  0/2    17:07   2:14   0:00 
Nate Thompson            0  0  0   1  0   1  0  0  0  0  4/12    8:17   0:00   3:48 
Nathan MacKinnon         1  0  1  -2  0   2  1  0  0  0  14/25  22:49   2:14   4:58 
Niklas Hjalmarsson       0  1  1   0  0   1  2  3  0  0  0/0    22:41   1:47   4:06 
Ryan Suter               0  2  2   0  0   0  0  3  0  0  0/0    25:50   2:11   4:50 
Tom Kuhnhackl            1  0  1   1  0   3  0  1  0  0  1/1     4:29   0:00   0:00 
Tyler Bozak              0  0  0  -1  0   2  0  0  0  0  6/17   13:51   1:44   0:00 

3 Stars

1 - Patric Hornqvist (EDM)
2 - Jaden Schwartz (EDM)
3 - Jeff Petry (EDM)

Power Play

EDMONTON ICE - 1 on 5 Attempt(s) - 20,00%
ANCHORAGE ACES - 0 on 2 Attempt(s) - 0,00%

Penalty Kill

EDMONTON ICE - 2 on 2 Attempt(s) - 100,00% - Score 0 goal in Penalty Kill
ANCHORAGE ACES - 4 on 5 Attempt(s) - 80,00% - Score 1 goal in Penalty Kill

Team Stat

EDMONTON ICE - Hits : 9 - Faceoff Wins : 51 - Blocked Shots : 9 - Penalty Minutes : 4
ANCHORAGE ACES - Hits : 14 - Faceoff Wins : 37 - Blocked Shots : 17 - Penalty Minutes : 10

Official

Referees : Ryan Fraser and Chris Brown
Linesman : Joe Maynard and Steve Barton

Game Notes

No Game Note

Finance

Level 1 -- Attendance: 4393 (73,22%) -- Ticket Income 834 670 $
Level 2 -- Attendance: 3362 (67,24%) -- Ticket Income 420 250 $
Level 3 -- Attendance: 1272 (63,60%) -- Ticket Income 127 200 $
Level 4 -- Attendance: 2798 (69,95%) -- Ticket Income 181 870 $
Luxury Box -- Attendance: 800 (80,00%) -- Ticket Income 272 000 $
Game was played at the Alaska Center.
Total Attendance: 12625 (70,14%)
Total Ticket Income: 1 835 990 $
Other Income: 550 797 $
Total Income: 2 386 787 $

EDMONTON ICE

5 vs 5 Forward 
   Center                   Left Wing                Right Wing               Time % Phy DF OF 
 1 Ryan O'Reilly            Kasperi Kapanen          Anthony Mantha           35     0   1  4  
 2 Valtteri Filppula        Jaden Schwartz           Patric Hornqvist         33     0   2  3  
 3 Oscar Lindberg           Conor Sheary             Ondrej Kase              26     0   3  2  
 4 Eric Fehr                Tanner Pearson           Loui Eriksson            6      0   4  1  

5 vs 5 Defense 
   Defense                  Defense                                           Time % Phy DF OF 
 1 Jeff Petry               Colton Parayko                                    36     1   2  2  
 2 Oscar Klefbom            Markus Nutivaara                                  34     0   3  2  
 3 Andrew MacDonald         Casey Nelson                                      23     0   4  1  
 4 Colton Parayko           Oscar Klefbom                                     7      1   2  2  

PowerPlay Forward 
   Center                   Left Wing                Right Wing               Time % Phy DF OF 
 1 Ryan O'Reilly            Jaden Schwartz           Anthony Mantha           60     0   1  4  
 2 Valtteri Filppula        Kasperi Kapanen          Patric Hornqvist         40     0   2  3  

PowerPlay Defense
   Defense                  Defense                                           Time % Phy DF OF 
 1 Oscar Klefbom            Jeff Petry                                        55     0   2  3  
 2 Colton Parayko           Markus Nutivaara                                  45     1   2  2  

Penalty Kill 4 Players Forward 
   Center                   Wing                     Time % Phy DF OF 
 1 Eric Fehr                Kasperi Kapanen          55     0   4  1  
 2 Oscar Lindberg           Ondrej Kase              45     0   4  1  

Penalty Kill 4 Players Defense
   Defense                  Defense                  Time % Phy DF OF 
 1 Oscar Klefbom            Andrew MacDonald         55     0   5  0  
 2 Colton Parayko           Jeff Petry               45     0   5  0  

Penalty Kill - 3 Players Forward 
   Forward                                           Time % Phy DF OF 
 1 Eric Fehr                                         55     0   5  0  
 2 Oscar Lindberg                                    45     0   5  0  

Penalty Kill - 3 Players Defense
   Defense                  Defense                  Time % Phy DF OF 
 1 Oscar Klefbom            Andrew MacDonald         55     0   5  0  
 2 Jeff Petry               Colton Parayko           45     0   5  0  

4 vs 4 Forward 
   Center                   Wing                     Time % Phy DF OF 
 1 Valtteri Filppula        Tanner Pearson           55     0   3  2  
 2 Ryan O'Reilly            Kasperi Kapanen          45     1   2  2  

4 vs 4 Defense
   Defense                  Defense                  Time % Phy DF OF 
 1 Andrew MacDonald         Colton Parayko           55     0   3  2  
 2 Oscar Klefbom            Andrew MacDonald         45     1   2  2  

Last Minutes Offensive
   Center                   Left Wing                Right Wing               Defense                  Defense                  
   Ryan O'Reilly            Jaden Schwartz           Patric Hornqvist         Jeff Petry               Colton Parayko           

Last Minutes Defensive
   Center                   Left Wing                Right Wing               Defense                  Defense                  
   Ryan O'Reilly            Jaden Schwartz           Kasperi Kapanen          Jeff Petry               Oscar Klefbom            

Goaltenders
Starting : Jake Allen               
Backup : Philipp Grubauer         

Extra Forwards
Normal : Patric Hornqvist, Ondrej Kase, Tanner Pearson - PP : Ondrej Kase, Tanner Pearson - PK : Tanner Pearson
Extra Defensemen
Normal : Andrew MacDonald, Colton Parayko, Jeff Petry - PP : Jeff Petry - PK : Markus Nutivaara, Andrew MacDonald
Penalty Shots
Ryan O'Reilly, Anthony Mantha, Kasperi Kapanen, Patric Hornqvist, Ondrej Kase
Custom OT Lines Forwards
Jaden Schwartz, Andrew MacDonald, Patric Hornqvist, Ryan O'Reilly, Ondrej Kase, Kasperi Kapanen, Valtteri Filppula, Tanner Pearson, Loui Eriksson, Conor Sheary
Custom OT Lines Defensemen
Jeff Petry, Colton Parayko, Oscar Klefbom, Andrew MacDonald, Markus Nutivaara

Scratches
None

ANCHORAGE ACES

5 vs 5 Forward 
   Center                   Left Wing                Right Wing               Time % Phy DF OF 
 1 Nathan MacKinnon         Chris Kreider            Jakob Silfverberg        32     0   3  2  
 2 Connor McDavid           Leon Draisaitl           Joonas Donskoi           32     0   2  3  
 3 Tyler Bozak              Andrew Cogliano          Cal Clutterbuck          26     2   2  1  
 4 Nate Thompson            Christian Folin          Tom Kuhnhackl            10     1   4  0  

5 vs 5 Defense 
   Defense                  Defense                                           Time % Phy DF OF 
 1 Ryan Suter               Jacob Trouba                                      33     1   2  2  
 2 Niklas Hjalmarsson       Deryk Engelland                                   31     1   2  2  
 3 Darnell Nurse            Ben Chiarot                                       26     1   2  2  
 4 Niklas Hjalmarsson       Ryan Suter                                        10     1   2  2  

PowerPlay Forward 
   Center                   Left Wing                Right Wing               Time % Phy DF OF 
 1 Connor McDavid           Leon Draisaitl           Nathan MacKinnon         52     1   0  4  
 2 Tyler Bozak              Chris Kreider            Joonas Donskoi           48     1   2  2  

PowerPlay Defense
   Defense                  Defense                                           Time % Phy DF OF 
 1 Ryan Suter               Jacob Trouba                                      53     1   2  2  
 2 Niklas Hjalmarsson       Darnell Nurse                                     47     1   2  2  

Penalty Kill 4 Players Forward 
   Center                   Wing                     Time % Phy DF OF 
 1 Nate Thompson            Jakob Silfverberg        52     1   3  1  
 2 Nathan MacKinnon         Chris Kreider            48     1   3  1  

Penalty Kill 4 Players Defense
   Defense                  Defense                  Time % Phy DF OF 
 1 Ryan Suter               Jacob Trouba             52     1   3  1  
 2 Niklas Hjalmarsson       Deryk Engelland          48     1   3  1  

Penalty Kill - 3 Players Forward 
   Forward                                           Time % Phy DF OF 
 1 Nathan MacKinnon                                  55     1   2  2  
 2 Connor McDavid                                    45     1   2  2  

Penalty Kill - 3 Players Defense
   Defense                  Defense                  Time % Phy DF OF 
 1 Ryan Suter               Jacob Trouba             55     1   2  2  
 2 Niklas Hjalmarsson       Deryk Engelland          45     1   2  2  

4 vs 4 Forward 
   Center                   Wing                     Time % Phy DF OF 
 1 Nathan MacKinnon         Connor McDavid           55     1   2  2  
 2 Leon Draisaitl           Chris Kreider            45     1   2  2  

4 vs 4 Defense
   Defense                  Defense                  Time % Phy DF OF 
 1 Ryan Suter               Jacob Trouba             55     1   2  2  
 2 Niklas Hjalmarsson       Deryk Engelland          45     1   2  2  

Last Minutes Offensive
   Center                   Left Wing                Right Wing               Defense                  Defense                  
   Nathan MacKinnon         Leon Draisaitl           Jakob Silfverberg        Ryan Suter               Jacob Trouba             

Last Minutes Defensive
   Center                   Left Wing                Right Wing               Defense                  Defense                  
   Nathan MacKinnon         Leon Draisaitl           Jakob Silfverberg        Ryan Suter               Jacob Trouba             

Goaltenders
Starting : James Reimer             
Backup : Martin Jones             

Extra Forwards
Normal : Tyler Bozak, Nate Thompson, Cal Clutterbuck - PP : Tyler Bozak, Nate Thompson - PK : Cal Clutterbuck
Extra Defensemen
Normal : Darnell Nurse, Ben Chiarot, Christian Folin - PP : Darnell Nurse - PK : Ben Chiarot, Christian Folin
Penalty Shots
Nathan MacKinnon, Connor McDavid, Leon Draisaitl, Chris Kreider, Jakob Silfverberg
Custom OT Lines Forwards
Nathan MacKinnon, Connor McDavid, Leon Draisaitl, Chris Kreider, Jakob Silfverberg, Tyler Bozak, Joonas Donskoi, Nate Thompson, Cal Clutterbuck, Andrew Cogliano
Custom OT Lines Defensemen
Ryan Suter, Jacob Trouba, Niklas Hjalmarsson, Deryk Engelland, Darnell Nurse

Scratches
Braden Christoffer (Healthy), Sebastien Aho (Healthy), Brendan Woods (Healthy), Colton Beck (Healthy), Frank Hora (Healthy)
Jonathan Racine (Healthy), Mason Appleton (Healthy), Reid Gardiner (Healthy), Eric Tangradi (Healthy)

% Time on Ice - EDMONTON ICE

Lines # - Real PCT - Wanted PCT - Time Play
Normal Forward
1 - 32% - 35% - 15:13
2 - 31% - 33% - 14:40
3 - 25% - 26% - 11:51
4 - 11% - 6% - 5:22
Normal Defense
1 - 38% - 36% - 17:59
2 - 36% - 34% - 16:44
3 - 25% - 23% - 11:42
4 - 1% - 7% - 0:41
PP Forward
1 - 66% - 60% - 5:56
2 - 34% - 40% - 3:00
PP Defense
1 - 75% - 55% - 6:40
2 - 25% - 45% - 2:16
PK Forward
1 - 49% - 55% - 1:56
2 - 51% - 45% - 2:02
PK Defense
1 - 38% - 55% - 1:31
2 - 62% - 45% - 2:27
PK3 Forward
1 - 0% - 55%
2 - 0% - 45%
PK3 Defense
1 - 0% - 55%
2 - 0% - 45%
44 Forward
1 - 0% - 55%
2 - 0% - 45%
44 Defense
1 - 0% - 55%
2 - 0% - 45%
Last Minute Offensive  - 0:00
Last Minute Defensive  - 0:00
Total
Forward - 60:00
Defense - 60:00

% Time on Ice - ANCHORAGE ACES

Lines # - Real PCT - Wanted PCT - Time Play
Normal Forward
1 - 33% - 32% - 15:37
2 - 32% - 32% - 14:53
3 - 26% - 26% - 12:07
4 - 10% - 10% - 4:29
Normal Defense
1 - 36% - 33% - 16:58
2 - 32% - 31% - 14:57
3 - 28% - 26% - 13:20
4 - 4% - 10% - 1:51
PP Forward
1 - 56% - 52% - 2:14
2 - 44% - 48% - 1:44
PP Defense
1 - 55% - 53% - 2:11
2 - 45% - 47% - 1:47
PK Forward
1 - 44% - 52% - 3:58
2 - 56% - 48% - 4:58
PK Defense
1 - 54% - 52% - 4:50
2 - 46% - 48% - 4:06
PK3 Forward
1 - 0% - 55%
2 - 0% - 45%
PK3 Defense
1 - 0% - 55%
2 - 0% - 45%
44 Forward
1 - 0% - 55%
2 - 0% - 45%
44 Defense
1 - 0% - 55%
2 - 0% - 45%
Last Minute Offensive  - 0:00
Last Minute Defensive  - 0:00
Total
Forward - 60:00
Defense - 60:00

Play-by-Play

1st period


0:01 of 1st period - Ryan O'Reilly wins face-off versus Jakob Silfverberg in neutral zone.
0:04 of 1st period - Shot by Ryan O'Reilly.
0:04 of 1st period - Stopped by James Reimer without a rebound.
0:05 of 1st period - Connor McDavid wins face-off versus Valtteri Filppula in ANCHORAGE ACES zone.
0:14 of 1st period - Shot by Connor McDavid.
0:14 of 1st period - Stopped by Jake Allen without a rebound.
0:15 of 1st period - Oscar Lindberg wins face-off versus Tyler Bozak in EDMONTON ICE zone.
0:49 of 1st period - Minor Penalty to Cal Clutterbuck for Hooking.
0:50 of 1st period - Ryan O'Reilly wins face-off versus Nate Thompson in ANCHORAGE ACES zone.
2:29 of 1st period - Shot by Patric Hornqvist.
2:29 of 1st period - Stopped by James Reimer without a rebound.
2:30 of 1st period - Nate Thompson wins face-off versus Valtteri Filppula in ANCHORAGE ACES zone.
2:50 of 1st period - Kasperi Kapanen is hit by Darnell Nurse and loses puck.
3:17 of 1st period - Shot by Joonas Donskoi.
3:17 of 1st period - Stopped by Jake Allen without a rebound.
3:18 of 1st period - Oscar Lindberg wins face-off versus Tyler Bozak in EDMONTON ICE zone.
3:23 of 1st period - Shot by Ondrej Kase.
3:23 of 1st period - Stopped by James Reimer without a rebound.
3:24 of 1st period - Nathan MacKinnon wins face-off versus Ryan O'Reilly in ANCHORAGE ACES zone.
3:41 of 1st period - Shot by Nathan MacKinnon.
3:41 of 1st period - Shot Misses the Net.
4:38 of 1st period - Shot by Patric Hornqvist.
4:38 of 1st period - Shot Misses the Net.
4:40 of 1st period - Shot by Patric Hornqvist.
4:40 of 1st period - Shot Misses the Net.
4:42 of 1st period - Shot by Patric Hornqvist.
4:42 of 1st period - Shot Misses the Net.
4:44 of 1st period - Shot by Jaden Schwartz.
4:44 of 1st period - Goal by Jaden Schwartz - EDMONTON ICE : 1 - ANCHORAGE ACES : 0.
4:45 of 1st period - Oscar Lindberg wins face-off versus Leon Draisaitl in neutral zone.
5:05 of 1st period - Shot by Leon Draisaitl.
5:05 of 1st period - Goal by Leon Draisaitl - EDMONTON ICE : 1 - ANCHORAGE ACES : 1.
5:06 of 1st period - Eric Fehr wins face-off versus Tyler Bozak in neutral zone.
5:06 of 1st period - Eric Fehr is hit by Cal Clutterbuck.
6:09 of 1st period - Icing by Niklas Hjalmarsson.
6:10 of 1st period - Valtteri Filppula wins face-off versus Connor McDavid in ANCHORAGE ACES zone.
6:19 of 1st period - Shot by Valtteri Filppula.
6:19 of 1st period - Deflect By Patric Hornqvist.
6:19 of 1st period - Shot Blocked by Niklas Hjalmarsson.
6:26 of 1st period - Valtteri Filppula is hit by Deryk Engelland and loses puck.
6:43 of 1st period - Shot by Patric Hornqvist.
6:43 of 1st period - Goal by Patric Hornqvist - EDMONTON ICE : 2 - ANCHORAGE ACES : 1.
6:44 of 1st period - Ryan O'Reilly wins face-off versus Nathan MacKinnon in neutral zone.
6:46 of 1st period - Minor Penalty to Jacob Trouba for Tripping.
6:47 of 1st period - Ryan O'Reilly wins face-off versus Nate Thompson in ANCHORAGE ACES zone.
6:48 of 1st period - Shot by Jaden Schwartz.
6:48 of 1st period - Stopped by James Reimer with a rebound.
6:50 of 1st period - Shot by Anthony Mantha.
6:50 of 1st period - Stopped by James Reimer without a rebound.
6:51 of 1st period - Nathan MacKinnon wins face-off versus Anthony Mantha in ANCHORAGE ACES zone.
7:32 of 1st period - Shot by Jeff Petry.
7:32 of 1st period - Shot Blocked by Deryk Engelland.
7:55 of 1st period - Icing by Jeff Petry.
7:56 of 1st period - Ryan O'Reilly wins face-off versus Nate Thompson in EDMONTON ICE zone.
8:05 of 1st period - Jakob Silfverberg is hit by Jeff Petry and loses puck.
8:41 of 1st period - Jaden Schwartz is hit by Chris Kreider and loses puck.
9:06 of 1st period - Shot by Connor McDavid.
9:06 of 1st period - Stopped by Jake Allen without a rebound.
9:07 of 1st period - Eric Fehr wins face-off versus Tyler Bozak in EDMONTON ICE zone.
9:21 of 1st period - Shot by Tanner Pearson.
9:21 of 1st period - Shot Blocked by Ben Chiarot.
9:23 of 1st period - Shot by Eric Fehr.
9:23 of 1st period - Stopped by James Reimer without a rebound.
9:24 of 1st period - Oscar Lindberg wins face-off versus Nathan MacKinnon in ANCHORAGE ACES zone.
9:54 of 1st period - Shot by Conor Sheary.
9:54 of 1st period - Shot Blocked by Ryan Suter.
10:56 of 1st period - Shot by Connor McDavid.
10:56 of 1st period - Shot Misses the Net.
11:25 of 1st period - Shot by Anthony Mantha.
11:25 of 1st period - Shot Misses the Net.
11:27 of 1st period - Shot by Anthony Mantha.
11:27 of 1st period - Stopped by James Reimer without a rebound.
11:28 of 1st period - Valtteri Filppula wins face-off versus Christian Folin in ANCHORAGE ACES zone.
11:41 of 1st period - Shot by Jeff Petry.
11:41 of 1st period - Shot Misses the Net.
11:43 of 1st period - Shot by Jaden Schwartz.
11:43 of 1st period - Stopped by James Reimer without a rebound.
11:44 of 1st period - Ryan O'Reilly wins face-off versus Nathan MacKinnon in ANCHORAGE ACES zone.
12:07 of 1st period - Shot by Kasperi Kapanen.
12:07 of 1st period - Deflect By Anthony Mantha.
12:07 of 1st period - Stopped by James Reimer without a rebound.
12:08 of 1st period - Tyler Bozak wins face-off versus Valtteri Filppula in ANCHORAGE ACES zone.
12:08 of 1st period - Tyler Bozak is hit by Jaden Schwartz.
13:31 of 1st period - Icing by Jacob Trouba.
13:32 of 1st period - Nathan MacKinnon wins face-off versus Oscar Lindberg in ANCHORAGE ACES zone.
14:09 of 1st period - Icing by Markus Nutivaara.
14:10 of 1st period - Connor McDavid wins face-off versus Oscar Lindberg in EDMONTON ICE zone.
14:11 of 1st period - Shot by Leon Draisaitl.
14:11 of 1st period - Shot Misses the Net.
14:18 of 1st period - Icing by Ondrej Kase.
14:19 of 1st period - Tom Kuhnhackl wins face-off versus Ondrej Kase in EDMONTON ICE zone.
14:44 of 1st period - Shot by Niklas Hjalmarsson.
14:44 of 1st period - Stopped by Jake Allen without a rebound.
14:45 of 1st period - Ryan O'Reilly wins face-off versus Connor McDavid in EDMONTON ICE zone.
14:53 of 1st period - Anthony Mantha is hit by Ben Chiarot and loses puck.
15:26 of 1st period - Shot by Connor McDavid.
15:26 of 1st period - Shot Misses the Net.
15:28 of 1st period - Shot by Ben Chiarot.
15:28 of 1st period - Shot Blocked by Ryan O'Reilly.
15:30 of 1st period - Shot by Connor McDavid.
15:30 of 1st period - Shot Blocked by Colton Parayko.
16:19 of 1st period - Icing by Casey Nelson.
16:20 of 1st period - Tyler Bozak wins face-off versus Valtteri Filppula in EDMONTON ICE zone.
16:21 of 1st period - Shot by Jacob Trouba.
16:21 of 1st period - Stopped by Jake Allen without a rebound.
16:22 of 1st period - Oscar Lindberg wins face-off versus Tyler Bozak in EDMONTON ICE zone.
16:58 of 1st period - Shot by Tyler Bozak.
16:58 of 1st period - Stopped by Jake Allen without a rebound.
16:59 of 1st period - Connor McDavid wins face-off versus Ryan O'Reilly in EDMONTON ICE zone.
17:07 of 1st period - Icing by Colton Parayko.
17:08 of 1st period - Ryan O'Reilly wins face-off versus Christian Folin in EDMONTON ICE zone.
17:24 of 1st period - Ryan O'Reilly is hit by Deryk Engelland and loses puck.
17:27 of 1st period - Shot by Kasperi Kapanen.
17:27 of 1st period - Shot Misses the Net.
17:29 of 1st period - Shot by Ryan O'Reilly.
17:29 of 1st period - Shot Misses the Net.
17:30 of 1st period - Minor Penalty to Deryk Engelland for Goalie Interference.
17:31 of 1st period - Valtteri Filppula wins face-off versus Nathan MacKinnon in ANCHORAGE ACES zone.
17:32 of 1st period - Shot by Kasperi Kapanen.
17:32 of 1st period - Shot Misses the Net.
17:34 of 1st period - Shot by Colton Parayko.
17:34 of 1st period - Shot Blocked by Ryan Suter.
17:40 of 1st period - Shot by Patric Hornqvist.
17:40 of 1st period - Shot Misses the Net.
17:46 of 1st period - Shot by Patric Hornqvist.
17:46 of 1st period - Shot Blocked by Jacob Trouba.
17:48 of 1st period - Shot by Colton Parayko.
17:48 of 1st period - Shot Blocked by Jacob Trouba.
17:58 of 1st period - Shot by Patric Hornqvist.
17:58 of 1st period - Shot Misses the Net.
19:36 of 1st period - Conor Sheary is hit by Deryk Engelland and loses puck.
19:56 of 1st period - Off-side.
19:57 of 1st period - Tyler Bozak wins face-off versus Eric Fehr in neutral zone.
Goals for this period are 2 for EDMONTON ICE vs 1 for ANCHORAGE ACES.
Shots for this period are 11 for EDMONTON ICE vs 7 for ANCHORAGE ACES.

2nd period


0:01 of 2nd period - Valtteri Filppula wins face-off versus Nathan MacKinnon in neutral zone.
0:25 of 2nd period - Icing by Oscar Klefbom.
0:26 of 2nd period - Connor McDavid wins face-off versus Valtteri Filppula in EDMONTON ICE zone.
0:31 of 2nd period - Shot by Connor McDavid.
0:31 of 2nd period - Stopped by Jake Allen without a rebound.
0:32 of 2nd period - Ryan O'Reilly wins face-off versus Connor McDavid in EDMONTON ICE zone.
1:58 of 2nd period - Icing by Niklas Hjalmarsson.
1:59 of 2nd period - Oscar Lindberg wins face-off versus Connor McDavid in ANCHORAGE ACES zone.
2:00 of 2nd period - Shot by Conor Sheary.
2:00 of 2nd period - Stopped by James Reimer without a rebound.
2:01 of 2nd period - Oscar Lindberg wins face-off versus Chris Kreider in ANCHORAGE ACES zone.
2:06 of 2nd period - Shot by Conor Sheary.
2:06 of 2nd period - Stopped by James Reimer without a rebound.
2:07 of 2nd period - Tyler Bozak wins face-off versus Valtteri Filppula in ANCHORAGE ACES zone.
2:18 of 2nd period - Shot by Cal Clutterbuck.
2:18 of 2nd period - Deflect By Tyler Bozak.
2:18 of 2nd period - Shot Blocked by Oscar Klefbom.
3:21 of 2nd period - Icing by Jacob Trouba.
3:22 of 2nd period - Oscar Lindberg wins face-off versus Tyler Bozak in ANCHORAGE ACES zone.
3:49 of 2nd period - Shot by Conor Sheary.
3:49 of 2nd period - Shot Misses the Net.
4:03 of 2nd period - Shot by Nathan MacKinnon.
4:03 of 2nd period - Deflect By Chris Kreider.
4:03 of 2nd period - Shot Misses the Net.
4:17 of 2nd period - Shot by Chris Kreider.
4:17 of 2nd period - Stopped by Jake Allen without a rebound.
4:18 of 2nd period - Ryan O'Reilly wins face-off versus Connor McDavid in EDMONTON ICE zone.
4:22 of 2nd period - Icing by Kasperi Kapanen.
4:23 of 2nd period - Connor McDavid wins face-off versus Ryan O'Reilly in EDMONTON ICE zone.
4:32 of 2nd period - Shot by Connor McDavid.
4:32 of 2nd period - Stopped by Jake Allen without a rebound.
4:33 of 2nd period - Valtteri Filppula wins face-off versus Nathan MacKinnon in EDMONTON ICE zone.
4:59 of 2nd period - Shot by Patric Hornqvist.
4:59 of 2nd period - Stopped by James Reimer without a rebound.
5:00 of 2nd period - Ryan O'Reilly wins face-off versus Connor McDavid in ANCHORAGE ACES zone.
5:01 of 2nd period - Shot by Kasperi Kapanen.
5:01 of 2nd period - Stopped by James Reimer with a rebound.
5:03 of 2nd period - Shot by Kasperi Kapanen.
5:03 of 2nd period - Shot Misses the Net.
5:05 of 2nd period - Shot by Kasperi Kapanen.
5:05 of 2nd period - Shot Blocked by Deryk Engelland.
5:11 of 2nd period - Shot by Ryan O'Reilly.
5:11 of 2nd period - Shot Misses the Net.
5:13 of 2nd period - Shot by Ryan O'Reilly.
5:13 of 2nd period - Shot Misses the Net.
6:03 of 2nd period - Icing by Jeff Petry.
6:04 of 2nd period - Nathan MacKinnon wins face-off versus Valtteri Filppula in EDMONTON ICE zone.
6:15 of 2nd period - Shot by Patric Hornqvist.
6:15 of 2nd period - Stopped by James Reimer with a rebound.
6:17 of 2nd period - Shot by Jeff Petry.
6:17 of 2nd period - Shot Blocked by Jakob Silfverberg.
6:19 of 2nd period - Shot by Jaden Schwartz.
6:19 of 2nd period - Shot Misses the Net.
6:21 of 2nd period - Shot by Jeff Petry.
6:21 of 2nd period - Goal by Jeff Petry - EDMONTON ICE : 3 - ANCHORAGE ACES : 1.
6:22 of 2nd period - Nate Thompson wins face-off versus Oscar Lindberg in neutral zone.
6:22 of 2nd period - Minor Penalty to Oscar Lindberg for Hooking.
6:23 of 2nd period - Eric Fehr wins face-off versus Connor McDavid in EDMONTON ICE zone.
6:36 of 2nd period - Shot by Connor McDavid.
6:36 of 2nd period - Shot Blocked by Colton Parayko.
6:38 of 2nd period - Shot by Connor McDavid.
6:38 of 2nd period - Stopped by Jake Allen without a rebound.
6:39 of 2nd period - Tyler Bozak wins face-off versus Eric Fehr in EDMONTON ICE zone.
8:46 of 2nd period - Icing by Jaden Schwartz.
8:47 of 2nd period - Valtteri Filppula wins face-off versus Tyler Bozak in EDMONTON ICE zone.
8:56 of 2nd period - Shot by Patric Hornqvist.
8:56 of 2nd period - Shot Misses the Net.
9:26 of 2nd period - Shot by Ryan O'Reilly.
9:26 of 2nd period - Shot Misses the Net.
9:28 of 2nd period - Shot by Kasperi Kapanen.
9:28 of 2nd period - Stopped by James Reimer without a rebound.
9:29 of 2nd period - Oscar Lindberg wins face-off versus Nathan MacKinnon in ANCHORAGE ACES zone.
9:40 of 2nd period - Shot by Conor Sheary.
9:40 of 2nd period - Stopped by James Reimer without a rebound.
9:41 of 2nd period - Connor McDavid wins face-off versus Ryan O'Reilly in ANCHORAGE ACES zone.
9:48 of 2nd period - Shot by Leon Draisaitl.
9:48 of 2nd period - Stopped by Jake Allen without a rebound.
9:49 of 2nd period - Nathan MacKinnon wins face-off versus Ryan O'Reilly in EDMONTON ICE zone.
9:53 of 2nd period - Icing by Anthony Mantha.
9:54 of 2nd period - Nathan MacKinnon wins face-off versus Ryan O'Reilly in EDMONTON ICE zone.
10:52 of 2nd period - Shot by Connor McDavid.
10:52 of 2nd period - Shot Blocked by Jeff Petry.
11:21 of 2nd period - Shot by Jaden Schwartz.
11:21 of 2nd period - Shot Blocked by Ben Chiarot.
12:34 of 2nd period - Shot by Conor Sheary.
12:34 of 2nd period - Shot Blocked by Deryk Engelland.
12:36 of 2nd period - Shot by Ondrej Kase.
12:36 of 2nd period - Stopped by James Reimer without a rebound.
12:37 of 2nd period - Nathan MacKinnon wins face-off versus Eric Fehr in ANCHORAGE ACES zone.
12:50 of 2nd period - Shot by Nathan MacKinnon.
12:50 of 2nd period - Stopped by Jake Allen without a rebound.
12:51 of 2nd period - Oscar Lindberg wins face-off versus Nate Thompson in EDMONTON ICE zone.
13:14 of 2nd period - Shot by Tom Kuhnhackl.
13:14 of 2nd period - Deflect By Nate Thompson.
13:14 of 2nd period - Stopped by Jake Allen with a rebound.
13:18 of 2nd period - Shot by Ryan Suter.
13:18 of 2nd period - Shot Misses the Net.
13:20 of 2nd period - Shot by Jacob Trouba.
13:20 of 2nd period - Shot Misses the Net.
13:22 of 2nd period - Shot by Tom Kuhnhackl.
13:22 of 2nd period - Stopped by Jake Allen with a rebound.
14:40 of 2nd period - Ondrej Kase is hit by Joonas Donskoi and loses puck.
14:47 of 2nd period - Shot by Connor McDavid.
14:47 of 2nd period - Stopped by Jake Allen with a rebound.
14:49 of 2nd period - Shot by Darnell Nurse.
14:49 of 2nd period - Stopped by Jake Allen with a rebound.
16:02 of 2nd period - Shot by Ryan O'Reilly.
16:02 of 2nd period - Shot Misses the Net.
16:34 of 2nd period - Shot by Chris Kreider.
16:34 of 2nd period - Stopped by Jake Allen without a rebound.
16:35 of 2nd period - Nate Thompson wins face-off versus Valtteri Filppula in EDMONTON ICE zone.
17:10 of 2nd period - Shot by Tom Kuhnhackl.
17:10 of 2nd period - Shot Blocked by Andrew MacDonald.
17:23 of 2nd period - Minor Penalty to Deryk Engelland for Tripping.
17:24 of 2nd period - Nathan MacKinnon wins face-off versus Ryan O'Reilly in ANCHORAGE ACES zone.
17:39 of 2nd period - Shot by Jaden Schwartz.
17:39 of 2nd period - Stopped by James Reimer with a rebound.
18:07 of 2nd period - Shot by Patric Hornqvist.
18:07 of 2nd period - Deflect By Kasperi Kapanen.
18:07 of 2nd period - Shot Misses the Net.
18:18 of 2nd period - Valtteri Filppula is hit by Nathan MacKinnon.
18:41 of 2nd period - Shot by Nathan MacKinnon.
18:41 of 2nd period - Goal by Nathan MacKinnon - EDMONTON ICE : 3 - ANCHORAGE ACES : 2.
18:42 of 2nd period - Jaden Schwartz wins face-off versus Nathan MacKinnon in neutral zone.
19:14 of 2nd period - Icing by Ryan O'Reilly.
19:15 of 2nd period - Ryan O'Reilly wins face-off versus Nate Thompson in EDMONTON ICE zone.
19:52 of 2nd period - Shot by Connor McDavid.
19:52 of 2nd period - Shot Misses the Net.
19:54 of 2nd period - Shot by Darnell Nurse.
19:54 of 2nd period - Stopped by Jake Allen without a rebound.
19:55 of 2nd period - Nathan MacKinnon wins face-off versus Oscar Lindberg in EDMONTON ICE zone.
Goals for this period are 1 for EDMONTON ICE vs 1 for ANCHORAGE ACES.
Shots for this period are 10 for EDMONTON ICE vs 13 for ANCHORAGE ACES.

3rd period


0:01 of 3rd period - Ryan O'Reilly wins face-off versus Nathan MacKinnon in neutral zone.
0:15 of 3rd period - Jakob Silfverberg is hit by Markus Nutivaara.
0:28 of 3rd period - Nathan MacKinnon is hit by Markus Nutivaara.
0:33 of 3rd period - Nathan MacKinnon is hit by Markus Nutivaara and loses puck.
0:34 of 3rd period - Minor Penalty to Markus Nutivaara for Roughing.
0:35 of 3rd period - Eric Fehr wins face-off versus Leon Draisaitl in EDMONTON ICE zone.
1:00 of 3rd period - Shot by Nathan MacKinnon.
1:00 of 3rd period - Shot Misses the Net.
1:11 of 3rd period - Icing by Connor McDavid.
1:12 of 3rd period - Nathan MacKinnon wins face-off versus Eric Fehr in ANCHORAGE ACES zone.
2:01 of 3rd period - Shot by Jacob Trouba.
2:01 of 3rd period - Stopped by Jake Allen without a rebound.
2:02 of 3rd period - Eric Fehr wins face-off versus Tyler Bozak in EDMONTON ICE zone.
2:19 of 3rd period - Jacob Trouba is hit by Oscar Lindberg and loses puck.
2:41 of 3rd period - Shot by Nate Thompson.
2:41 of 3rd period - Shot Misses the Net.
2:51 of 3rd period - Shot by Tom Kuhnhackl.
2:51 of 3rd period - Stopped by Jake Allen with a rebound.
2:53 of 3rd period - Shot by Darnell Nurse.
2:53 of 3rd period - Stopped by Jake Allen without a rebound.
2:54 of 3rd period - Eric Fehr wins face-off versus Andrew Cogliano in EDMONTON ICE zone.
2:54 of 3rd period - Tanner Pearson is hit by Cal Clutterbuck and loses puck.
3:01 of 3rd period - Shot by Tyler Bozak.
3:01 of 3rd period - Stopped by Jake Allen with a rebound.
3:25 of 3rd period - Loui Eriksson is hit by Niklas Hjalmarsson.
4:24 of 3rd period - Off-side.
4:25 of 3rd period - Kasperi Kapanen wins face-off versus Connor McDavid in neutral zone.
4:42 of 3rd period - Shot by Ryan O'Reilly.
4:42 of 3rd period - Stopped by James Reimer without a rebound.
4:43 of 3rd period - Oscar Lindberg wins face-off versus Nate Thompson in ANCHORAGE ACES zone.
5:03 of 3rd period - Shot by Tom Kuhnhackl.
5:03 of 3rd period - Goal by Tom Kuhnhackl - EDMONTON ICE : 3 - ANCHORAGE ACES : 3.
5:04 of 3rd period - Ryan O'Reilly wins face-off versus Connor McDavid in neutral zone.
5:09 of 3rd period - Icing by Deryk Engelland.
5:10 of 3rd period - Connor McDavid wins face-off versus Ryan O'Reilly in ANCHORAGE ACES zone.
5:25 of 3rd period - Shot by Ryan O'Reilly.
5:25 of 3rd period - Stopped by James Reimer without a rebound.
5:26 of 3rd period - Nathan MacKinnon wins face-off versus Valtteri Filppula in ANCHORAGE ACES zone.
5:49 of 3rd period - Shot by Jakob Silfverberg.
5:49 of 3rd period - Shot Misses the Net.
5:55 of 3rd period - Shot by Nathan MacKinnon.
5:55 of 3rd period - Shot Blocked by Colton Parayko.
6:09 of 3rd period - Shot by Nathan MacKinnon.
6:09 of 3rd period - Shot Misses the Net.
6:26 of 3rd period - Minor Penalty to Deryk Engelland for Hooking.
6:27 of 3rd period - Ryan O'Reilly wins face-off versus Nate Thompson in ANCHORAGE ACES zone.
6:48 of 3rd period - Shot by Anthony Mantha.
6:48 of 3rd period - Shot Misses the Net.
6:50 of 3rd period - Shot by Anthony Mantha.
6:50 of 3rd period - Shot Blocked by Niklas Hjalmarsson.
7:00 of 3rd period - Shot by Anthony Mantha.
7:00 of 3rd period - Deflect By Ryan O'Reilly.
7:00 of 3rd period - Shot Blocked by Ben Chiarot.
7:02 of 3rd period - Shot by Oscar Klefbom.
7:02 of 3rd period - Stopped by James Reimer without a rebound.
7:03 of 3rd period - Valtteri Filppula wins face-off versus Chris Kreider in ANCHORAGE ACES zone.
7:24 of 3rd period - Shot by Patric Hornqvist.
7:24 of 3rd period - Shot Misses the Net.
7:26 of 3rd period - Shot by Kasperi Kapanen.
7:26 of 3rd period - Goal by Kasperi Kapanen - EDMONTON ICE : 4 - ANCHORAGE ACES : 3.
7:27 of 3rd period - Connor McDavid wins face-off versus Eric Fehr in neutral zone.
7:37 of 3rd period - Off-side.
7:38 of 3rd period - Ryan O'Reilly wins face-off versus Tyler Bozak in neutral zone.
8:12 of 3rd period - Shot by Ryan O'Reilly.
8:12 of 3rd period - Shot Misses the Net.
8:14 of 3rd period - Shot by Oscar Klefbom.
8:14 of 3rd period - Stopped by James Reimer with a rebound.
8:16 of 3rd period - Shot by Anthony Mantha.
8:16 of 3rd period - Stopped by James Reimer without a rebound.
8:17 of 3rd period - Oscar Lindberg wins face-off versus Connor McDavid in ANCHORAGE ACES zone.
8:41 of 3rd period - Icing by Ryan Suter.
8:42 of 3rd period - Connor McDavid wins face-off versus Valtteri Filppula in ANCHORAGE ACES zone.
9:39 of 3rd period - Shot by Ryan O'Reilly.
9:39 of 3rd period - Shot Blocked by Ryan Suter.
9:41 of 3rd period - Shot by Ryan O'Reilly.
9:41 of 3rd period - Stopped by James Reimer without a rebound.
9:42 of 3rd period - Nathan MacKinnon wins face-off versus Ondrej Kase in ANCHORAGE ACES zone.
10:20 of 3rd period - Shot by Oscar Lindberg.
10:20 of 3rd period - Shot Misses the Net.
11:05 of 3rd period - Shot by Ryan O'Reilly.
11:05 of 3rd period - Stopped by James Reimer without a rebound.
11:06 of 3rd period - Valtteri Filppula wins face-off versus Nate Thompson in ANCHORAGE ACES zone.
11:30 of 3rd period - Shot by Jaden Schwartz.
11:30 of 3rd period - Shot Blocked by Tom Kuhnhackl.
11:32 of 3rd period - Shot by Patric Hornqvist.
11:32 of 3rd period - Shot Misses the Net.
11:34 of 3rd period - Shot by Patric Hornqvist.
11:34 of 3rd period - Shot Misses the Net.
11:36 of 3rd period - Shot by Jaden Schwartz.
11:36 of 3rd period - Stopped by James Reimer without a rebound.
11:37 of 3rd period - Ryan O'Reilly wins face-off versus Tyler Bozak in ANCHORAGE ACES zone.
12:31 of 3rd period - Icing by Darnell Nurse.
12:32 of 3rd period - Valtteri Filppula wins face-off versus Tyler Bozak in ANCHORAGE ACES zone.
12:49 of 3rd period - Shot by Patric Hornqvist.
12:49 of 3rd period - Shot Misses the Net.
13:07 of 3rd period - Shot by Jaden Schwartz.
13:07 of 3rd period - Shot Blocked by Niklas Hjalmarsson.
13:13 of 3rd period - Shot by Jaden Schwartz.
13:13 of 3rd period - Shot Misses the Net.
13:36 of 3rd period - Ondrej Kase is hit by Niklas Hjalmarsson and loses puck.
13:47 of 3rd period - Shot by Oscar Lindberg.
13:47 of 3rd period - Stopped by James Reimer without a rebound.
13:48 of 3rd period - Connor McDavid wins face-off versus Anthony Mantha in ANCHORAGE ACES zone.
14:24 of 3rd period - Shot by Ryan O'Reilly.
14:24 of 3rd period - Stopped by James Reimer without a rebound.
14:25 of 3rd period - Nate Thompson wins face-off versus Oscar Lindberg in ANCHORAGE ACES zone.
14:40 of 3rd period - Shot by Ondrej Kase.
14:40 of 3rd period - Stopped by James Reimer without a rebound.
14:41 of 3rd period - Valtteri Filppula wins face-off versus Nathan MacKinnon in ANCHORAGE ACES zone.
14:41 of 3rd period - Jaden Schwartz is hit by Ben Chiarot and loses puck.
14:59 of 3rd period - Shot by Jaden Schwartz.
14:59 of 3rd period - Shot Blocked by Darnell Nurse.
15:01 of 3rd period - Shot by Valtteri Filppula.
15:01 of 3rd period - Goal by Valtteri Filppula - EDMONTON ICE : 5 - ANCHORAGE ACES : 3.
15:02 of 3rd period - Connor McDavid wins face-off versus Ryan O'Reilly in neutral zone.
15:07 of 3rd period - Shot by Leon Draisaitl.
15:07 of 3rd period - Stopped by Jake Allen without a rebound.
15:08 of 3rd period - Ryan O'Reilly wins face-off versus Connor McDavid in EDMONTON ICE zone.
15:13 of 3rd period - Shot by Connor McDavid.
15:13 of 3rd period - Deflect By Leon Draisaitl.
15:13 of 3rd period - Stopped by Jake Allen without a rebound.
15:14 of 3rd period - Valtteri Filppula wins face-off versus Connor McDavid in EDMONTON ICE zone.
15:29 of 3rd period - Shot by Connor McDavid.
15:29 of 3rd period - Shot Blocked by Valtteri Filppula.
15:42 of 3rd period - Icing by Markus Nutivaara.
15:43 of 3rd period - Nathan MacKinnon wins face-off versus Patric Hornqvist in EDMONTON ICE zone.
15:44 of 3rd period - Shot by Jakob Silfverberg.
15:44 of 3rd period - Shot Misses the Net.
15:53 of 3rd period - Icing by Oscar Klefbom.
15:54 of 3rd period - Tyler Bozak wins face-off versus Valtteri Filppula in EDMONTON ICE zone.
16:13 of 3rd period - Ben Chiarot is hit by Patric Hornqvist and loses puck.
16:52 of 3rd period - Shot by Leon Draisaitl.
16:52 of 3rd period - Stopped by Jake Allen without a rebound.
16:53 of 3rd period - Nathan MacKinnon wins face-off versus Oscar Lindberg in EDMONTON ICE zone.
17:08 of 3rd period - Shot by Chris Kreider.
17:08 of 3rd period - Shot Misses the Net.
17:11 of 3rd period - Icing by Andrew MacDonald.
17:12 of 3rd period - Connor McDavid wins face-off versus Oscar Lindberg in EDMONTON ICE zone.
17:27 of 3rd period - Shot by Leon Draisaitl.
17:27 of 3rd period - Shot Misses the Net.
17:43 of 3rd period - Deryk Engelland is hit by Oscar Lindberg and loses puck.
18:16 of 3rd period - Shot by Nathan MacKinnon.
18:16 of 3rd period - Shot Misses the Net.
18:18 of 3rd period - Shot by Jacob Trouba.
18:18 of 3rd period - Shot Blocked by Ryan O'Reilly.
18:20 of 3rd period - Shot by Jakob Silfverberg.
18:20 of 3rd period - Stopped by Jake Allen with a rebound.
18:34 of 3rd period - Shot by Chris Kreider.
18:34 of 3rd period - Stopped by Jake Allen without a rebound.
18:35 of 3rd period - Valtteri Filppula wins face-off versus Andrew Cogliano in EDMONTON ICE zone.
18:35 of 3rd period - Valtteri Filppula is hit by Cal Clutterbuck.
18:59 of 3rd period - Shot by Patric Hornqvist.
18:59 of 3rd period - Goal by Patric Hornqvist - EDMONTON ICE : 6 - ANCHORAGE ACES : 3.
19:00 of 3rd period - Eric Fehr wins face-off versus Nathan MacKinnon in neutral zone.
19:16 of 3rd period - Nathan MacKinnon is hit by Casey Nelson and loses puck.
Goals for this period are 3 for EDMONTON ICE vs 1 for ANCHORAGE ACES.
Shots for this period are 14 for EDMONTON ICE vs 10 for ANCHORAGE ACES.


DARCY
KUEMPER
JAKE
OETTINGER
NINO
NIEDERREITER

EAST COAST

HOCKEY LEAGUE

  • 1.CHI2QUE4
  • 2.LIM2CHA3
  • 3.LON3TRV5
  • 4.BAL5CHW6
  • 5.MANPIT
  • 6.NHWATL
  • 7.PETWOR
  • 8.RHI